[Event "*** SCC Grand Prix: Titled Tuesday Blitz"]
[Site "Chess.com"]
[Date "2020.07.07"]
[Round "1"]
[White "ZiggyStardust64"]
[Black "Al_Shima"]
[Result "1-0"]
[WhiteElo "2670"]
[BlackElo "2347"]
[TimeControl "180+1"]
[EndTime "10:06:57 PDT"]
[Termination "ZiggyStardust64 won by resignation"]

1. d4 Nf6 2. c4 Nc6 3. Nc3 e5 4. d5 Ne7 5. Nf3 Ng6 6. h4 h5 7. Qc2 Ng4 8. Bg5 Be7 9. e3 d6 10. Bd3 Nf8 11. Bxe7 Qxe7 12. O-O-O g6 13. Ng5 f6 14.
Bxg6+ Nxg6 15. Qxg6+ Kf8 16. Nh3 Rh6 17. Qc2 f5 18. Ng5 e4 19. Rhf1 Bd7 20. Ne2 b5 21. Nf4 c5 22. dxc6 Bxc6 23. Qc3 Ne5 24. c5 dxc5 25. Nd5 Bxd5 26. Rxd5 Nd3+ 27. Kb1 b4 28.
Rxf5+ Kg8 29. Qc4+ Kh8 30. Nf7+ Kg7 31. Nxh6 Kxh6 32.
Qd5 Qe8 33. Rf6+ Kh7 34. Qg5 1-0

[Event "*** SCC Grand Prix: Titled Tuesday Blitz"]
[Site "Chess.com"]
[Date "2020.07.07"]
[Round "1"]
[White "Shuvalov"]
[Black "Michaelson_11"]
[Result "1-0"]
[WhiteElo "2509"]
[BlackElo "2106"]
[TimeControl "180+1"]
[EndTime "10:06:57 PDT"]
[Termination "Shuvalov won on time"]

1. Nf3 Nf6 2. c4 c5 3. g3 Nc6 4. Bg2 g6 5. Nc3 Bg7 6. O-O O-O 7. d4 cxd4 8. Nxd4 Qa5 9. Nb3 Qh5 10. h3 d6 11. g4 Bxg4 12. hxg4 Nxg4 13. Bf4 Be5 14. Bxe5 Ncxe5 15. Re1 Qh4 16. Qd4 g5 17. f3 Qh2+ 18. Kf1 Rac8 19. Qg1 Qg3 20. fxg4 Nxg4 21. e4 Qd3+ 22.
Re2 f5 23. e5 Nxe5 24. Rd1 Qg3 25. Qf2 Qg4 26. Nd5 Rf7 27. Ne3 Qh5 28. Bd5 1-0

[Event "*** SCC Grand Prix: Titled Tuesday Blitz"]
[Site "Chess.com"]
[Date "2020.07.07"]
[Round "1"]
[White "sasko1234"]
[Black "TheBigBoss04"]
[Result "0-1"]
[WhiteElo "2404"]
[BlackElo "2755"]
[TimeControl "180+1"]
[EndTime "10:06:58 PDT"]
[Termination "TheBigBoss04 won by resignation"]

1. b3 d5 2. Bb2 Bg4 3. f3 Bh5 4. e4 dxe4 5. Qe2 c6 6. Qxe4 Bg6 7. Qc4 Qd5 8. Qxd5 cxd5 9. Bb5+ Nc6 10. Bxc6+ bxc6 11. d3 e6 12. Nc3 Bd6 13. O-O-O Ne7 14. Nge2 O-O 15. Na4 c5 16. h4 h5 17. g4 Rac8 18.
Kb1 f6 19. Ka1 Nc6 20. a3 Kf7 21. Ka2 Rfd8 22. Rhg1 c4 23. dxc4 Bxc2 24. Rd2 dxc4 25. Rxc2 cxb3+ 26. Kxb3 Na5+ 27. Ka2 Rxc2 28. Nd4 Rxb2+ 29.
Nxb2 Bc5 30. Nxe6 Kxe6 31. Re1+ Kf7 32. gxh5 Rd2 33. Kb1 Bd4 34. Na4 Nc4 35. Re4 Nxa3+ 36. Kc1 Rc2+ 37. Kd1 Bb6 38. Nxb6 axb6 39. Rb4 Rc3 40.
Rxb6 Rxf3 41. Rb7+ Kg8 42. h6 gxh6 43. Ke2 Rh3 44. Kf2 Rxh4 45. Kg3 Rd4 0-1

[Event "*** SCC Grand Prix: Titled Tuesday Blitz"]
[Site "Chess.com"]
[Date "2020.07.07"]
[Round "1"]
[White "GM4life"]
[Black "tsvet2005"]
[Result "0-1"]
[WhiteElo "2331"]
[BlackElo "2657"]
[TimeControl "180+1"]
[EndTime "10:06:58 PDT"]
[Termination "tsvet2005 won by resignation"]

1. e4 c5 2. Nf3 d6 3. d4 cxd4 4.
Nxd4 Nf6 5. Nc3 a6 6. Be3 e5 7. Nb3 Be6 8. f3 Be7 9. Qd2 Nbd7 10. g4 b5 11. g5 Nh5 12. O-O-O Nb6 13. Na5 Qc7 14. Kb1 O-O 15. Rg1 Rab8 16. Nd5 Nxd5 17. exd5 Bd7 18. Bd3 b4 19. Nc6 Bxc6 20. dxc6 d5 21. Rg4 d4 22. Bf2 Qxc6 23. Be4 Qe6 24. Rh4 g6 25. b3 Rfd8 26. Rg4 a5 27. Qd3 a4 28. h4 axb3 29. cxb3 Rdc8 30. Rgg1 Nf4 31.
Qd2 Nd5 32. Bxd5 Qxd5 33. f4 Rc3 34. fxe5 d3 35. Rg4 Ra8 36. Rd4 Rxb3+ 37. axb3 Qxb3+ 38. Qb2 Qxd1+ 39. Qc1 Ra1+ 40. Kxa1 Qxc1+ 41. Ka2 Qc2+ 42. Ka1 Qxf2 43. Rxd3 Qf1+ 44. Kb2 Qxd3 45. e6 Qc3+ 46. Kb1 b3 47. h5 Qc2+ 0-1

[Event "*** SCC Grand Prix: Titled Tuesday Blitz"]
[Site "Chess.com"]
[Date "2020.07.07"]
[Round "1"]
[White "Leonid_Starozhilov"]
[Black "aa175"]
[Result "1-0"]
[WhiteElo "2665"]
[BlackElo "2346"]
[TimeControl "180+1"]
[EndTime "10:06:59 PDT"]
[Termination "Leonid_Starozhilov won by checkmate"]

1. e4 c5 2. Nf3 d6 3. Bb5+ Nd7 4. O-O a6 5. Bxd7+ Bxd7 6. c3 Nf6 7. Re1 Bc6 8. d4 cxd4 9. cxd4 Bxe4 10. Nc3 Bxf3 11.
Qxf3 e6 12. Qxb7 Be7 13. Qc6+ Nd7 14. Bf4 Qc8 15. Qf3 O-O 16. Nd5 Bd8 17. Rac1 Qb8 18.
Nb4 Qxb4 19. Qxa8 Qxd4 20. Be3 Qxb2 21. Qxa6 d5 22. Qe2 Qa3 23. Qb5 Ne5 24. Bc5 Qd3 25. Qxd3 Nxd3 26. Bxf8 Nxe1 27. Bd6 Nd3 28. Rc8 g6 29.
Rxd8+ Kg7 30. a4 Nb2 31. Be5+ f6 32. Bxb2 Kf7 33. Kh1 Ke7 34. Ra8 e5 35. h4 Ke6 36.
g4 h5 37. f3 hxg4 38. fxg4 e4 39. Bd4 f5 40. Kg2 f4 41. a5 Kd6 42. a6 Kc6 43. a7 Kb5 44. Rb8+ Kc4 45. a8=Q Kxd4 46. Rd8 f3+ 47.
Kf1 Ke3 48. Qxd5 g5 49. Qxg5# 1-0

[Event "*** SCC Grand Prix: Titled Tuesday Blitz"]
[Site "Chess.com"]
[Date "2020.07.07"]
[Round "1"]
[White "amylazy"]
[Black "Twitch_ElhamBlitz05"]
[Result "0-1"]
[WhiteElo "2426"]
[BlackElo "2817"]
[TimeControl "180+1"]
[EndTime "10:07:01 PDT"]
[Termination "Twitch_ElhamBlitz05 won by checkmate"]

1. d4 Nf6 2. Nf3 e6 3. e3 d5 4. Bd3 Nbd7 5. O-O Bd6 6. b3 O-O 7. Bb2 Qe7 8. Ne5 c5 9. Nd2 b6 10. f4 Bb7 11. Ndf3 Rac8 12. Qe2 Ne4 13. Rac1 Ndf6 14.
c3 Rfd8 15. Rfd1 Nd7 16. Bxe4 dxe4 17. Nd2 f6 18. Nxd7 Rxd7 19. Nc4 Bb8 20. Ba3 Rcd8 21. dxc5 bxc5 22. Na5 Ba8 23. Rxd7 Qxd7 24. Bxc5 e5 25.
f5 Qxf5 26. Rd1 Qc8 27. b4 Bc7 28. Nb3 Bd5 29. h3 Qe6 30. Bxa7 g6 31. Nc5 Qf7 32.
Nb3 Kg7 33. Qc2 f5 34. Nc1 f4 35. c4 Bxc4 36. Rxd8 Bxd8 37. Qxe4 Qxa7 38. Qxc4 Qxe3+ 39.
Kh2 f3 40. Qf1 f2 41. Nd3 Bh4 42. a4 Bg3+ 43. Kh1 e4 44. Nxf2 Bxf2 45. Qb5 Qe1+ 46. Kh2 Qg1# 0-1

[Event "*** SCC Grand Prix: Titled Tuesday Blitz"]
[Site "Chess.com"]
[Date "2020.07.07"]
[Round "1"]
[White "Ceejay271"]
[Black "temus_galaktionov"]
[Result "0-1"]
[WhiteElo "2330"]
[BlackElo "2654"]
[TimeControl "180+1"]
[EndTime "10:07:01 PDT"]
[Termination "temus_galaktionov won on time"]

1. d4 c6 2. c4 g6 3. Nc3 d6 4.
e4 Bg7 5. Nf3 Nd7 6. Be2 e5 7.
O-O Ngf6 8. dxe5 dxe5 9. Qd6 Bf8 10. Qd3 Bg7 11. Qd6 Bf8 12. Qd3 Qe7 13. Rd1 Bg7 14.
Be3 O-O 15. Qd6 Qe8 16. Nd2 Qd8 17. c5 Ne8 18. Qd3 Qe7 19. b4 b6 20. Nb3 a5 21.
bxa5 bxa5 22. a4 Ndf6 23. f3 Ba6 24. Qc2 Bxe2 25. Qxe2 Nc7 26. Rd6 Rfb8 27. Nd2 Ra6 28. Nc4 Nfe8 29. Rd2 Rb3 30. Rc1 Ra7 31. Nb6 Qe6 32.
Rd7 Rb7 33. Qc2 R7xb6 34. Rxc7 Rb8 35. Ra7 Rb2 36. Qd1 Bf8 37. Rxa5 Qc4 38. Nd5 Qa2 39. Nb6 Rxg2+ 40. Kf1 Rxh2 0-1

[Event "*** SCC Grand Prix: Titled Tuesday Blitz"]
[Site "Chess.com"]
[Date "2020.07.07"]
[Round "1"]
[White "The_Machine04"]
[Black "deribas12345"]
[Result "0-1"]
[WhiteElo "2275"]
[BlackElo "2604"]
[TimeControl "180+1"]
[EndTime "10:07:01 PDT"]
[Termination "deribas12345 won on time"]

1. d4 Nf6 2. Bg5 c5 3. Bxf6 exf6 4.
dxc5 Bxc5 5. e3 Qb6 6. Nf3 Qxb2 7.
Nbd2 O-O 8. Bd3 Nc6 9. O-O Qb6 10. Nb3 Be7 11. Nfd4 Nxd4 12. Nxd4 g6 13. Rb1 Qc5 14.
Be4 Rb8 15. Qf3 b6 16. Rfd1 f5 17. Bd5 Ba6 18. Rd2 Bf6 19. Bb3 Rbc8 20. Rbd1 Rc7 21. Ne2 Bb7 22. Qg3 d5 23. Nf4 Be5 24. Qg5 Bxf4 25.
Qxf4 Rd8 26. Qd4 Rcd7 27. h4 h5 28. g3 a5 29. a4 Bc6 30. Qf6 Rd6 31. Rd4 Rxf6 0-1

[Event "*** SCC Grand Prix: Titled Tuesday Blitz"]
[Site "Chess.com"]
[Date "2020.07.07"]
[Round "1"]
[White "Karateloru"]
[Black "Sacbutt"]
[Result "1-0"]
[WhiteElo "2641"]
[BlackElo "2313"]
[TimeControl "180+1"]
[EndTime "10:07:02 PDT"]
[Termination "Karateloru won by resignation"]

1. e4 c5 2. Nf3 d6 3. Bb5+ Bd7 4. c4 Nc6 5. O-O Nf6 6. Nc3 g6 7. d4 cxd4 8. Nxd4 Bg7 9. Be3 O-O 10. f3 a6 11. Ba4 Rc8 12. Bxc6 Bxc6 13. Nxc6 Rxc6 14. Qd3 Qa5 15. b3 Re8 16. Rac1 Nd7 17. Bd4 Bxd4+ 18.
Qxd4 Qc5 19. Rfd1 Qxd4+ 20. Rxd4 Nc5 21. Nd5 Kf8 22. h4 Rec8 23. Kh2 b5 24. cxb5 axb5 25. Rb4 e6 26. Ne3 Nd3 27. Rxc6 Rxc6 28. Rxb5 Nc1 29. a4 Rc3 30. Nc4 Rxb3 31. Rxb3 Nxb3 32. a5 Nc5 33. Nxd6 Ke7 34. e5 f6 35. Nc8+ Kd8 36. exf6 Kxc8 37. f7 Nd7 38. Kg3 Kb7 39. Kf4 h6 40.
f8=Q Nxf8 41. Ke5 g5 42. h5 Ka6 43. Kf6 Nd7+ 44. Kg7 Ne5 45. Kxh6 g4 46. f4 Nd3 47.
Kg5 g3 48. h6 Ne1 49. h7 Nxg2 50. h8=Q Kxa5 51. Qa8+ Kb6 52. Qxg2 1-0

[Event "*** SCC Grand Prix: Titled Tuesday Blitz"]
[Site "Chess.com"]
[Date "2020.07.07"]
[Round "1"]
[White "aisha_zakirova"]
[Black "SilviusTiberius"]
[Result "1-0"]
[WhiteElo "2137"]
[BlackElo "2498"]
[TimeControl "180+1"]
[EndTime "10:07:02 PDT"]
[Termination "aisha_zakirova won by resignation"]

1. d4 Nf6 2. c4 g6 3. Nc3 Bg7 4.
e4 d6 5. Be2 O-O 6. Bg5 c5 7.
d5 h6 8. Bh4 e6 9. Nf3 exd5 10.
exd5 g5 11. Bg3 Nh5 12. O-O f5 13. Nd2 Nxg3 14. fxg3 Nd7 15. Kh1 Ne5 16. Nf3 Ng4 17.
Qd2 Re8 18. h3 Ne3 19. Rfe1 Bd7 20. Bd3 f4 21. gxf4 gxf4 22. Ne4 Bf5 23. Nf2 Qf6 24.
Rac1 Re7 25. Bxf5 Qxf5 26. Nd3 Rae8 27. Rg1 Kh8 28. Nh4 Qg5 29. Nxf4 Re4 30. Nhg6+ Kh7 31. Qf2 Bd4 32. Qf3 Nf5 33. Kh2 Bxg1+ 34. Rxg1 Re3 35.
Qf2 R8e4 36. Ne6 Rxe6 37. Nf8+ Kh8 38. Nxe6 Re5 39. Nxg5 hxg5 1-0

[Event "*** SCC Grand Prix: Titled Tuesday Blitz"]
[Site "Chess.com"]
[Date "2020.07.07"]
[Round "1"]
[White "davidkalashian"]
[Black "Quattroporte300"]
[Result "1-0"]
[WhiteElo "2623"]
[BlackElo "2300"]
[TimeControl "180+1"]
[EndTime "10:07:03 PDT"]
[Termination "davidkalashian won by resignation"]

1. d4 Nf6 2. c4 e6 3. Nf3 d5 4. Nc3 c6 5. Qd3 dxc4 6. Qxc4 b5 7. Qb3 a6 8. Bg5 Nbd7 9. e4 h6 10. Bxf6 Nxf6 11. e5 Nd5 12. Nxd5 Qxd5 13. Qxd5 Bb4+ 14.
Nd2 cxd5 15. Bd3 f6 16. f4 fxe5 17. fxe5 O-O 18. Rf1 Bd7 19. Ke2 Rac8 20. Nb3 Be8 21. Rxf8+ Kxf8 22. h3 g5 23. a3 Be7 24. Nc5 Bxc5 25.
Rc1 Ke7 26. Rxc5 Rxc5 27. dxc5 Kd7 28. Ke3 Kc6 29. b4 a5 30. Kd4 axb4 31. axb4 Bh5 32.
Bh7 Be2 33. g3 Bf1 34. h4 gxh4 35. gxh4 Bh3 36. Bg6 Kd7 37. Bd3 Kc6 38. Ke3 Bg4 39. Kf4 Bh5 40. Bf1 Kd7 41. Bxb5+ Kc7 42. Bd3 Kd7 43.
b5 Kc7 44. Ke3 Be8 45. Kd4 Bd7 46. c6 Be8 47. Kc5 Kc8 48. b6 Kb8 49. c7+ Kb7 50.
Ba6+ 1-0

[Event "*** SCC Grand Prix: Titled Tuesday Blitz"]
[Site "Chess.com"]
[Date "2020.07.07"]
[Round "1"]
[White "2008king"]
[Black "nocnypako"]
[Result "0-1"]
[WhiteElo "2240"]
[BlackElo "2578"]
[TimeControl "180+1"]
[EndTime "10:07:03 PDT"]
[Termination "nocnypako won by resignation"]

1. e4 e6 2. d4 d5 3. Nc3 Bb4 4. exd5 exd5 5. Bd3 Nf6 6. Ne2 O-O 7. O-O c6 8. f3 Re8 9. Bg5 h6 10. Bh4 Nbd7 11. a3 Bd6 12. f4 Qc7 13. Qd2 b5 14. Ng3 b4 15. axb4 Bxb4 16. Nf5 Ne4 17. Bxe4 dxe4 18. Qe3 Nb6 19. Ng3 Nc4 20. Qe2 Nxb2 21. Ncxe4 Be6 22. c3 Bc4 23. Qxb2 Bxf1 24. Rxf1 Bf8 25.
Qf2 a5 26. f5 a4 27. f6 g6 28. Qf3 a3 29. Nd2 a2 30. Nb3 Qb6 31. Na1 c5 32. d5 c4+ 33. Kh1 Qe3 34. Qxe3 Rxe3 35. Rc1 Rb8 36. Nf1 Rb1 0-1

[Event "*** SCC Grand Prix: Titled Tuesday Blitz"]
[Site "Chess.com"]
[Date "2020.07.07"]
[Round "1"]
[White "Balla_Tamas"]
[Black "Gandrade2"]
[Result "1-0"]
[WhiteElo "2515"]
[BlackElo "2121"]
[TimeControl "180+1"]
[EndTime "10:07:04 PDT"]
[Termination "Balla_Tamas won by checkmate"]

1. d4 Nf6 2. Bf4 d5 3. e3 c5 4. c3 Nc6 5. Nf3 Qb6 6. Qb3 c4 7. Qc2 Bf5 8. Qc1 h6 9. h3 e6 10. Nbd2 Be7 11. g4 Bg6 12. Be2 Ne4 13. O-O O-O 14. Nxe4 Bxe4 15. Nd2 Bg6 16. b3 cxb3 17. axb3 Rfc8 18. Qb2 Qd8 19. Rfc1 a6 20. Nf3 Bd6 21. Bxd6 Qxd6 22. Qa3 Qd7 23. c4 Ne7 24. Ne5 Qd8 25. c5 Bh7 26. b4 Ng6 27. Nxg6 Bxg6 28. b5 axb5 29. Qb4 Qh4 30. Rxa8 Rxa8 31. Bf1 h5 32. gxh5 Bxh5 33. Qd2 Qg5+ 34. Kh2 e5 35. Bxb5 exd4 36. Qxd4 Bf3 37. Rg1 Qh6 38. Rg3 Be4 39.
Bd3 f5 40. Bxe4 dxe4 41. Qd5+ Kh8 42. Qxf5 Ra2 43. Kg2 Qc6 44. Qf8+ Kh7 45. Qxg7# 1-0

[Event "*** SCC Grand Prix: Titled Tuesday Blitz"]
[Site "Chess.com"]
[Date "2020.07.07"]
[Round "1"]
[White "amatatanav"]
[Black "Sanan_Sjugirov"]
[Result "0-1"]
[WhiteElo "2423"]
[BlackElo "2811"]
[TimeControl "180+1"]
[EndTime "10:07:05 PDT"]
[Termination "Sanan_Sjugirov won on time"]

1. e4 c5 2. Ne2 Nc6 3. Nbc3 Nf6 4.
d4 cxd4 5. Nxd4 e5 6. Ndb5 d6 7. Nd5 Nxd5 8. exd5 Nb8 9. c4 Be7 10. c5 O-O 11. Bd3 f5 12. O-O a6 13. Nxd6 Bxd6 14. cxd6 Qxd6 15. b3 b5 16. a4 b4 17. Re1 Nd7 18.
Bb2 Bb7 19. Bc4 Kh8 20. Qd2 Rae8 21. Rad1 h6 22. Re3 Bc8 23. Rh3 f4 24. f3 Nf6 25.
Rh4 Bf5 26. g3 fxg3 27. hxg3 e4 28. fxe4 Qxg3+ 29. Qg2 Qxh4 30. exf5 Re3 31. Rd3 Re1+ 0-1

[Event "*** SCC Grand Prix: Titled Tuesday Blitz"]
[Site "Chess.com"]
[Date "2020.07.07"]
[Round "1"]
[White "Unknown_IM"]
[Black "Ginger_GM"]
[Result "0-1"]
[WhiteElo "2349"]
[BlackElo "2670"]
[TimeControl "180+1"]
[EndTime "10:07:05 PDT"]
[Termination "Ginger_GM won by resignation"]

1. e4 c5 2. Nf3 d6 3. d4 cxd4 4. Nxd4 Nf6 5. Nc3 g6 6. Be3 a6 7. Be2 Nbd7 8. Qd2 b5 9. f3 Bb7 10. Bh6 Bxh6 11. Qxh6 Rc8 12. a3 Qb6 13. Nb3 Ne5 14.
O-O-O Rxc3 15. bxc3 Qc7 16. Kb2 Ned7 17. Nd4 Nb6 18. c4 bxc4 19. c3 Qc5 20. Kc2 Qxa3 21. Ra1 Qc5 22. Rab1 Kd7 23. e5 dxe5 24. Rhd1 exd4 25.
Rxd4+ Kc8 26. Qg7 Rd8 27. Rxd8+ Kxd8 28. Qxf7 Nfd5 29. Qe6 Kc7 30. Qe5+ Qd6 31. Qg7 Ne3+ 32. Kc1 Bc6 33. Qd4 Ned5 34. f4 Qa3+ 35. Kd1 Nxc3+ 36.
Ke1 Nxb1 37. Qe5+ Qd6 0-1

[Event "*** SCC Grand Prix: Titled Tuesday Blitz"]
[Site "Chess.com"]
[Date "2020.07.07"]
[Round "1"]
[White "KuzubovYuriy"]
[Black "Crazy_girl99"]
[Result "1-0"]
[WhiteElo "2857"]
[BlackElo "2433"]
[TimeControl "180+1"]
[EndTime "10:07:06 PDT"]
[Termination "KuzubovYuriy won by resignation"]

1. d4 d5 2. c4 e6 3. Nc3 Nf6 4. cxd5 exd5 5. Bg5 Be7 6. e3 O-O 7. Bd3 c6 8. Qc2 Nbd7 9. Nge2 Re8 10. h3 Nf8 11. O-O Ng6 12. Rab1 a5 13. a3 Be6 14. b4 axb4 15. axb4 Nd7 16. Bxe7 Qxe7 17. b5 c5 18. dxc5 Nxc5 19. Bxg6 hxg6 20. Rbd1 Red8 21.
Nf4 Rac8 22. Ncxd5 Bxd5 23. Nxd5 Qe8 24. Qb2 Qe6 25. Nf4 Qe4 26. b6 g5 27. Ne2 Nd3 28.
Qb3 Nc5 29. Qb1 Qc4 30. Nd4 Ne6 31. Rc1 Qd5 32. Nxe6 Qxe6 33. Rxc8 Rxc8 34. Rd1 Rc6 35. Rd8+ 1-0

[Event "*** SCC Grand Prix: Titled Tuesday Blitz"]
[Site "Chess.com"]
[Date "2020.07.07"]
[Round "1"]
[White "plumalka"]
[Black "DenLaz"]
[Result "1-0"]
[WhiteElo "2396"]
[BlackElo "2691"]
[TimeControl "180+1"]
[EndTime "10:07:06 PDT"]
[Termination "plumalka won on time"]

1. e4 e5 2. Nf3 Nc6 3. Nc3 Nf6 4.
a3 d5 5. Bb5 d4 6. Ne2 Bd6 7.
Bxc6+ bxc6 8. d3 c5 9. O-O O-O 10. c3 h6 11. Qc2 Be6 12. b4 Bg4 13. bxc5 Bxf3 14. cxd6 Bxe2 15. Qxe2 dxc3 16. dxc7 Qxc7 17. f4 Rad8 18. fxe5 Qxe5 19. Be3 Rd7 20. Rf5 Qe6 21. Raf1 Nh7 22. Bc5 Re8 23. Qc2 Qa6 24. d4 Ng5 25. e5 Qc4 26. Rc1 Ne6 27. Qxc3 Qd5 28. Rcf1 Rb7 29. Qg3 Nxc5 30. dxc5 Qxc5+ 31. Kh1 Qc4 32.
h3 Rf8 33. R5f4 Qd5 34. Rg4 g6 35. Rf6 Qd2 36. e6 Qc1+ 37. Kh2 Qc7 38. Rgf4 Kg7 39. exf7 g5 40. h4 Qb8 41. hxg5 h5 42. Qc3 Kh7 43. g6+ Kh6 44. Qe3 Kg7 45. Rf5 Rb3 46. Qd4+ Kh6 47.
Qf6 Qb5 48. Rxb5 1-0

[Event "*** SCC Grand Prix: Titled Tuesday Blitz"]
[Site "Chess.com"]
[Date "2020.07.07"]
[Round "1"]
[White "LikeWater"]
[Black "Stosk"]
[Result "1-0"]
[WhiteElo "2661"]
[BlackElo "2334"]
[TimeControl "180+1"]
[EndTime "10:07:06 PDT"]
[Termination "LikeWater won on time"]

1. e4 c5 2. Nf3 Nc6 3. Nc3 g6 4. d4 cxd4 5. Nxd4 Bg7 6. Nde2 d6 7. g3 Nf6 8. Bg2 O-O 9. O-O Be6 10. h3 Qd7 11.
Kh2 Rac8 12. Bg5 h6 13. Be3 Ne5 14. b3 Kh7 15. Nd5 Bxd5 16. exd5 e6 17. dxe6 fxe6 18.
Nd4 d5 19. f4 Nc6 20. Rc1 Rce8 21. Nxc6 bxc6 22. c4 Nh5 23. Bc5 Rf7 24. Qd3 Rd8 25. Rce1 dxc4 26. Qxc4 Qd2 27. Re2 Qd7 28. Qxe6 Qxe6 29. Rxe6 Rd3 30. Rf3 1-0

[Event "*** SCC Grand Prix: Titled Tuesday Blitz"]
[Site "Chess.com"]
[Date "2020.07.07"]
[Round "1"]
[White "WanderingPuppet"]
[Black "Firouzja2003"]
[Result "0-1"]
[WhiteElo "2465"]
[BlackElo "3109"]
[TimeControl "180+1"]
[EndTime "10:07:07 PDT"]
[Termination "Firouzja2003 won on time"]

1. e4 c5 2. Nf3 d6 3. d4 cxd4 4. Nxd4 Nf6 5. Nc3 a6 6. Be3 e6 7. f3 Be7 8. g4 b5 9. g5 Nfd7 10.
Qd2 Bb7 11. h4 b4 12. Nce2 Qc7 13. h5 Ne5 14. b3 Nbc6 15. Rg1 d5 16. f4 Nxd4 17.
Nxd4 Nd7 18. e5 Nc5 19. Bd3 g6 20. Rh1 Kd7 21. Kf2 a5 22. Bb5+ Kc8 23. Bd3 Rf8 24. Kg3 Ba6 25. hxg6 hxg6 26. Rh7 Kb7 27. Rah1 Nxd3 28.
cxd3 Rac8 29. Rg7 Qd7 30. Rhh7 Bc5 31. Qf2 Bxd3 32. Nf3 Bxe3 33. Qxe3 Be4 0-1

[Event "*** SCC Grand Prix: Titled Tuesday Blitz"]
[Site "Chess.com"]
[Date "2020.07.07"]
[Round "1"]
[White "DeviatkinAndrey"]
[Black "MFBerna"]
[Result "1-0"]
[WhiteElo "2712"]
[BlackElo "2382"]
[TimeControl "180+1"]
[EndTime "10:07:07 PDT"]
[Termination "DeviatkinAndrey won by checkmate"]

1. e4 c6 2. d4 d5 3. Nd2 dxe4 4.
Nxe4 Nf6 5. Nc3 g6 6. h3 Bg7 7. Nf3 O-O 8. Be2 Nbd7 9. O-O Re8 10. Bf4 Nb6 11. Re1 Nbd5 12. Nxd5 Nxd5 13. Be5 Bf5 14. Bxg7 Kxg7 15. Qd2 Qc7 16. c4 Nf6 17. Rad1 Rad8 18. Qe3 b6 19. Ne5 c5 20. Bf3 cxd4 21.
Rxd4 Rxd4 22. Qxd4 Rd8 23. Qc3 Rd6 24. g4 Be6 25. g5 Ne8 26. Ng4+ f6 27. gxf6+ exf6 28.
Bd5 Bxd5 29. Rxe8 Qxc4 30. Qe3 Re6 31. Qh6+ Kf7 32. Qf8# 1-0

[Event "*** SCC Grand Prix: Titled Tuesday Blitz"]
[Site "Chess.com"]
[Date "2020.07.07"]
[Round "1"]
[White "TurboSteen"]
[Black "bugsbunny444"]
[Result "0-1"]
[WhiteElo "1954"]
[BlackElo "2481"]
[TimeControl "180+1"]
[EndTime "10:07:08 PDT"]
[Termination "bugsbunny444 won on time"]

1. e4 c5 2. Nc3 e6 3. Nf3 a6 4. d4 cxd4 5. Nxd4 Qc7 6. g3 Bb4 7.
Bd2 Nf6 8. Bg2 O-O 9. O-O Rd8 10. Ncb5 Qa5 11. Bxb4 Qxb4 12. Nc7 Ra7 13. e5 Ne8 14. Ndxe6 fxe6 15. Nxe6 Qe7 16. Nxd8 Qxd8 17. Re1 Qe7 18. Bd5+ Kh8 19. Qh5 g6 20. Qh6 Nc6 21. Rad1 Nc7 22.
Bb3 b5 23. f4 Ne6 24. Rd6 Rc7 25. Red1 Ncd8 26. h4 Nf7 0-1

[Event "*** SCC Grand Prix: Titled Tuesday Blitz"]
[Site "Chess.com"]
[Date "2020.07.07"]
[Round "1"]
[White "XDPS"]
[Black "Steven_Rojas"]
[Result "1-0"]
[WhiteElo "2719"]
[BlackElo "2388"]
[TimeControl "180+1"]
[EndTime "10:07:09 PDT"]
[Termination "XDPS won by checkmate"]

1. d4 d5 2. Bf4 Nf6 3. e3 e6 4. Nf3 c5 5. c3 Nc6 6. Nbd2 Bd6 7. Bg3 O-O 8. Bb5 Ne7 9. Bd3 Nf5 10.
Qe2 cxd4 11. exd4 Nxg3 12. hxg3 Rb8 13. g4 g6 14. g5 Nh5 15. g3 b5 16. a3 a5 17.
Bxb5 a4 18. Rb1 f6 19. gxf6 Qxf6 20. Bxa4 Qf5 21. Bb5 Bxg3 22. Bd3 Qf4 23. Rxh5 gxh5 24. fxg3 Qxg3+ 25. Kd1 e5 26. Nxe5 Bg4 27. Nxg4 hxg4 28.
Kc2 Rbe8 29. Qd1 Rf2 30. Qg1 Qe3 31. Qxg4+ Kh8 32. Rd1 Rg8 33. Qh5 Rgg2 34. Qxh7# 1-0

[Event "*** SCC Grand Prix: Titled Tuesday Blitz"]
[Site "Chess.com"]
[Date "2020.07.07"]
[Round "1"]
[White "Grischuk"]
[Black "Korona_91"]
[Result "1-0"]
[WhiteElo "3049"]
[BlackElo "2462"]
[TimeControl "180+1"]
[EndTime "10:07:10 PDT"]
[Termination "Grischuk won by resignation"]

1. Nf3 e6 2. g3 f5 3. Bg2 Nf6 4. O-O Be7 5. c4 O-O 6. d3 d6 7. Nc3 e5 8. e4 fxe4 9. dxe4 Nc6 10. Qd3 Bg4 11. h3 Bh5 12. Nh4 Qd7 13. Nf5 Bg6 14.
Be3 Kh8 15. Nxe7 Nxe7 16. Rad1 Nh5 17. c5 Rad8 18. cxd6 cxd6 19. Bxa7 Nc6 20. Bb6 Ra8 21. Qxd6 Qf7 22. Qd7 Qc4 23. Be3 Nd4 24. Qd5 Qxd5 25.
exd5 Nc2 26. Bb6 Nf6 27. d6 Nd7 28. Be3 Rab8 29. Nd5 b5 30. Ne7 Bf7 31. Bc6 Rfd8 32. Be4 Nxe3 33. fxe3 Nf6 34. Nc6 Bc4 35. Rxf6 gxf6 36.
Bf5 Bxa2 37. Nxb8 Rxb8 38. d7 Rd8 39. Rc1 Bc4 40. b3 1-0

[Event "*** SCC Grand Prix: Titled Tuesday Blitz"]
[Site "Chess.com"]
[Date "2020.07.07"]
[Round "1"]
[White "Iskusnyh"]
[Black "Salem-AR"]
[Result "0-1"]
[WhiteElo "2451"]
[BlackElo "2930"]
[TimeControl "180+1"]
[EndTime "10:07:10 PDT"]
[Termination "Salem-AR won by resignation"]

1. d4 Nf6 2. c4 g6 3. g3 Bg7 4. Bg2 d5 5. cxd5 Nxd5 6. Nf3 Nb6 7. Nc3 Nc6 8. e3 O-O 9. O-O Re8 10. h3 e5 11. d5 Nb4 12. e4 c6 13. a3 Na6 14.
dxc6 bxc6 15. Qc2 Qe7 16. Bg5 f6 17. Bd2 Be6 18. Rfc1 Nc5 19. Rab1 Bb3 20. Nd5 cxd5 21. Qxc5 Qxc5 22. Rxc5 dxe4 23. Nh2 f5 24. Rbc1 Rad8 25.
Ba5 Rd7 26. Bf1 Red8 27. Be2 h5 28. Nf1 f4 29. Bxb6 axb6 30. Rc6 Rd6 31. Bc4+ Bxc4 32.
R6xc4 Rd4 33. Rc6 R8d6 34. Rxd6 Rxd6 35. Rc4 Rd4 36. Rc6 Rd1 37. Rxg6 e3 38. fxe3 fxe3 0-1

[Event "*** SCC Grand Prix: Titled Tuesday Blitz"]
[Site "Chess.com"]
[Date "2020.07.07"]
[Round "1"]
[White "ENajer77"]
[Black "SavelievAlexei"]
[Result "1-0"]
[WhiteElo "2730"]
[BlackElo "2394"]
[TimeControl "180+1"]
[EndTime "10:07:10 PDT"]
[Termination "ENajer77 won by checkmate"]

1. d4 Nf6 2. c4 e6 3. Nf3 b6 4. Bf4 Bb7 5. e3 Be7 6. Nc3 d5 7. Rc1 a6 8. cxd5 exd5 9. Bd3 O-O 10. O-O c5 11. Bb1 Nc6 12. dxc5 bxc5 13. Bg5 d4 14.
Na4 Qd5 15. Nb6 Qd6 16. Bf4 Qd8 17. Nxa8 Bxa8 18. exd4 Nxd4 19. Nxd4 cxd4 20. Qb3 Qd7 21. Bg3 h5 22. Rc7 Qd8 23. Rfc1 Nd5 24. Ra7 h4 25. Be5 Bg5 26. Rd1 Qa5 27. Bxd4 h3 28. Qxh3 Nb4 29. Qh7# 1-0

[Event "*** SCC Grand Prix: Titled Tuesday Blitz"]
[Site "Chess.com"]
[Date "2020.07.07"]
[Round "1"]
[White "Tekushka"]
[Black "Chess_Boxer123"]
[Result "0-1"]
[WhiteElo "2362"]
[BlackElo "2678"]
[TimeControl "180+1"]
[EndTime "10:07:10 PDT"]
[Termination "Chess_Boxer123 won on time"]

1. d4 d5 2. c4 c6 3. Nf3 Nf6 4. e3 e6 5. b3 Ne4 6. Nbd2 f5 7. Bb2 Nd7 8. Be2 Bd6 9. O-O Qf6 10. Rc1 g5 11. Ne1 Qh6 12. g3 Ndf6 13. Nd3 Nxd2 14. Qxd2 Ne4 15. Qe1 g4 16. Ne5 Bxe5 17. dxe5 Bd7 18.
Bd3 Ng5 19. Be2 Qh3 20. f4 Ne4 21. Bd3 Nc5 22. Bc2 h5 23. Qf2 O-O-O 24. Qg2 h4 25. Qxh3 gxh3 26. Bd4 Ne4 27. Bxe4 dxe4 28. Bxa7 Be8 29. Kf2 hxg3+ 30. hxg3 Bh5 31. Rc2 h2 32. Rh1 Bf3 0-1